 Dungeon Crawl Stone Soup version 0.30.0-20-g3615ddf2f0 (webtiles) character file.

Game seed: 7656856930999111055

3913 qw the Cleaver (level 10, 0/61 HPs)
             Began as a Gargoyle Fighter on May 29, 2023.
             Was a Believer of Okawaru.
             Killed from afar by Erica (17 damage)
             ... with a lance of force
             ... on level 8 of the Dungeon.
             The game lasted 00:03:28 (5339 turns).

qw the Cleaver (Gargoyle Fighter)                   Turns: 5339, Time: 00:03:29

Health: 0/61       AC: 21    Str: 23    XL:     10   Next: 20%
Magic:  13/13      EV:  7    Int: 16    God:    Okawaru [**....]
Gold:   322        SH:  9    Dex:  9    Spells: 9/9 levels left

rFire   . . .        Y - +1 war axe
rCold   . . .        l - +0 kite shield
rNeg    + . .        m - +0 chain mail
rPois   inf          n - +1 helmet
rElec   +            b - +0 cloak
rCorr   +            q - +0 pair of gloves
SInv    .            (no boots)
Will    +....        p - amulet of regeneration Stlth
                     k - ring "Zeal" {Will+ Int+6}
HPRegen 1.10/turn    r - ring of resist corrosion
MPRegen 0.13/turn

%: no passive effects
@: slowed, very slow
A: sickness immunity, AC +7, negative energy resistance 1, electricity
resistance, torment resistance 1, petrification resistance
a: Renounce Religion, Heroism


You were on level 8 of the Dungeon.
You worshipped Okawaru.
Okawaru was pleased with you.
You visited 2 branches of the dungeon, and saw 9 of its levels.

You collected 375 gold pieces.
You spent 53 gold pieces at shops.


Innate Abilities, Weirdness & Mutations

You are immune to sickness and miasma.
Your stone body is resilient. (AC +7)
You are immune to poison.
You resist negative energy. (rN+)
You are resistant to electric shocks. (rElec)
You are resistant to unholy torment.
You are immune to petrification.


   Skills:
 + Level 6.6 Fighting
 - Level 9.5 Axes
 - Level 1.0 Throwing
 - Level 5.0 Armour
 - Level 1.0 Dodging
 - Level 8.0 Shields
 - Level 4.0 Invocations


You had 9 spell levels left.
You didn't know any spells.
Your spell library was empty.

Inventory:

Hand Weapons
 v - a +0 heavy flail
 Y - a +1 war axe (weapon)
Missiles
 a - 8 boomerangs
 c - 5 silver boomerangs (quivered)
Armour
 b - a +0 cloak (worn)
 l - a +0 kite shield (worn)
 m - a +0 chain mail (worn)
 n - a +1 helmet (worn)
 q - a +0 pair of gloves (worn)
 t - a +0 ring mail of cold resistance
Jewellery
 k - the ring "Zeal" (left hand) {Will+ Int+6}
   (You found it on level 6 of the Dungeon)

   [ring of intelligence]

   Int:       It affects your intelligence (+6).
   Will:      It increases your willpower.
 p - an amulet of regeneration (around neck)
 r - a ring of resist corrosion (right hand)
Scrolls
 f - 3 scrolls of teleportation
 j - a scroll of identify
Potions
 d - a potion of might
 e - 5 potions of curing
 g - 2 potions of lignification
 h - a potion of heal wounds
 i - a potion of attraction
 o - 2 potions of flight {unknown}
 s - a potion of mutation {unknown}
 u - a potion of berserk rage {unknown}

Dungeon Overview and Level Annotations

Branches:
Dungeon (8/15)             Temple (1/1) D:5
   Lair: D:8-11

Altars:
Ashenzari
Cheibriados
Dithmenos
Fedhas
Gozag
Kikubaaqudgha
Makhleb
Nemelex Xobeh
Okawaru
Qazlal
Ru
Sif Muna
Trog
Uskayaw
Vehumet
Wu Jian
Xom
Yredelemnul
Zin
The Shining One

Shops:
D:2 *   D:6 (

Annotations:
D:6 2 transporters
D:8 Erica


Message History

You hit the ice beast.
The ice beast is severely wounded.
You closely miss something. Something hits you but does no damage.
You block the ice beast's attack.
The ice beast hits you but does no damage.
Something completely misses you.
You hit the ice beast but do no damage.
The ice beast is severely wounded.
You slash something!
You hear some strange, mumbled words.
A bolt of poison appears from out of thin air!
The bolt of poison hits you but does no damage.
You resist. The ice beast barely misses you.
You hit the ice beast but do no damage.
The ice beast is severely wounded.
You slash something! Something hits you! Something burns you.
You block the ice beast's attack.
You slash the ice beast!
You kill the ice beast!
Okawaru accepts your kill.
You hit something. Something hits you. Something burns you.
You hit something. Something hits you. Something burns you.
Something hits you but does no damage.
You hit something.
You hear some strange, mumbled words.
A bolt of poison appears from out of thin air!
The bolt of poison hits you but does no damage.
You resist.
You miss something. Something hits you but does no damage.
You slash something! Something hits you. Something burns you.
You hit something.
You feel like a meek peon again. Something hits you! Something burns you.
You hear some strange, mumbled words.
A lance of force appears from out of thin air!
The lance of force hits you!
You die...

##.### #.#.###
#.##..#### #..#..##.##..
. #..###.####.# #.. #
##..###.####.# ....
#.?.........##.# ....
###.##..#####.##{#..####
#.......# #...@.......
#.# #...# #..#)#..####
#.# #...#####..#.# .#
..###.#.#........# #
#.....#........###
###.#####.###.##
#.#####.###.#
#...........#
#######.#####


There were no monsters in sight!

Vanquished Creatures
  A two-headed ogre (D:8)
  A hornet (D:7)
  A troll (D:6)
  Sigmund (D:3)
  A wyvern (D:8)
  Menkaure (D:7)
  A water moccasin (D:7)
  An orc warrior (D:8)
  3 ice beasts
  2 black bears
  2 ogres
  A centaur (D:5)
  A kobold brigand (D:7)
  A bullfrog (D:7)
  A gnoll sergeant (D:5)
  2 scorpions
  3 wights (D:6)
  3 killer bees (D:8)
  2 howler monkeys
  3 hounds
  5 orc priests
  3 jellies
  2 sleepcaps (D:6)
  5 iguanas
  5 orc wizards
  9 adders
  12 gnolls
  A shadow imp (D:7)
  2 white imps
  An ufetubus (D:5)
  3 dart slugs (D:2)
  18 orcs
  14 ball pythons
  2 bats (D:2)
  5 endoplasms
  5 giant cockroaches
  8 goblins
  5 hobgoblins
  6 jackals
  A quokka (D:3)
  3 frilled lizards
  12 kobolds
  6 rats
165 creatures vanquished.

Notes
Turn   | Place    | Note
-------+----------+-------------------------------------------
     0 | D:1      | qw the Gargoyle Fighter began the quest for the Orb.
     0 | D:1      | Reached XP level 1. HP: 14/14 MP: 1/1
     0 | D:1      | 0 ||| qw: Version: 0.2-a-102-gbcf14f9
     0 | D:1      | 0 ||| qw: Game counter: 379
     0 | D:1      | 0 ||| qw: Always use a shield: true
     0 | D:1      | 0 ||| qw: God list: Okawaru
     0 | D:1      | 0 ||| qw: Allow faded altars: false
     0 | D:1      | 0 ||| qw: Do Orc after D:15 true
     0 | D:1      | 0 ||| qw: Do second Lair branch before Depths: true
     0 | D:1      | 0 ||| qw: Lair rune preference: random
     0 | D:1      | 0 ||| qw: Plans: Normal, Zot:1-4, Slime:5, God:TSO, Crypt,
                  | Tomb, Pan, Hells, Abyss, Win
     0 | D:1      | 0 ||| PLANNING D:1-11
   247 | D:1      | Reached skill level 2 in Axes
   281 | D:1      | 281 ||| Stepping ~*~*~tactically~*~*~ (stealth).
   282 | D:1      | 282 ||| Stepping ~*~*~tactically~*~*~ (stealth).
   303 | D:1      | Reached XP level 2. HP: 19/19 MP: 2/2
   745 | D:1      | 745 ||| UPGRADING to +0 chain mail.
   755 | D:1      | 755 ||| DROPPING +0 scale mail.
   756 | D:1      | 756 ||| READING scroll labelled BIORI MAJIN.
   757 | D:1      | 757 ||| READING scroll labelled JYAGIH KOAST.
   758 | D:1      | 758 ||| READING scroll labelled ZEARYJIBLO.
   759 | D:1      | 759 ||| READING scroll labelled LENESK SIRR.
   760 | D:1      | 760 ||| READING scroll labelled MOONTECKE JOIST.
   761 | D:1      | 761 ||| READING scroll labelled IDILAE LEKISEUD.
   762 | D:1      | 762 ||| DRINKING 3 fuming golden potions.
   769 | D:2      | 769 ||| Stepping ~*~*~tactically~*~*~ (stealth).
   838 | D:2      | Reached skill level 3 in Axes
   847 | D:2      | Reached XP level 3. HP: 21/23 MP: 3/3
   904 | D:2      | Found Oleoddem's Assorted Antiques.
   905 | D:2      | 905 ||| Stepping ~*~*~tactically~*~*~ (stealth).
   949 | D:2      | 949 ||| BUYING fizzy orange potion (25 gold).
   949 | D:2      | Bought a fizzy orange potion for 25 gold pieces
   949 | D:2      | 949 ||| BUYING scroll labelled WAOQ SOROSTI (28 gold).
   949 | D:2      | Bought a scroll labelled WAOQ SOROSTI for 28 gold pieces
  1093 | D:2      | 1093 ||| Stepping ~*~*~tactically~*~*~ (stealth).
  1109 | D:2      | 1109 ||| Stepping ~*~*~tactically~*~*~ (stealth).
  1181 | D:2      | Reached XP level 4. HP: 28/28 MP: 4/4
  1238 | D:2      | 1238 ||| Stepping ~*~*~tactically~*~*~ (stealth).
  1239 | D:2      | 1239 ||| Stepping ~*~*~tactically~*~*~ (stealth).
  1280 | D:2      | 1280 ||| DROPPING +0 club.
  1298 | D:2      | 1298 ||| Stepping ~*~*~tactically~*~*~ (hiding).
  1308 | D:2      | Reached skill level 4 in Axes
  1379 | D:2      | 1379 ||| UPGRADING to +0 cloak.
  1384 | D:2      | 1384 ||| UPGRADING to +0 helmet.
  1389 | D:2      | 1389 ||| UPGRADING to +0 pair of gloves.
  1394 | D:2      | 1394 ||| READING scroll labelled XAOXUE DEOGI.
  1399 | D:2      | 1399 ||| READING scroll labelled LOMUOLIFOL.
  1400 | D:2      | 1400 ||| READING scroll labelled WAOQ SOROSTI.
  1401 | D:2      | 1401 ||| READING scroll labelled SIVITEADI.
  1469 | D:3      | Noticed Sigmund
  1474 | D:3      | Killed Sigmund
  1475 | D:3      | Reached skill level 5 in Axes
  1475 | D:3      | Reached XP level 5. HP: 27/32 MP: 5/5
  1475 | D:3      | Reached XP level 6. HP: 31/37 MP: 6/6
  1573 | D:3      | 1573 ||| Stepping ~*~*~tactically~*~*~ (hiding).
  1574 | D:3      | 1574 ||| Stepping ~*~*~tactically~*~*~ (hiding).
  1946 | D:3      | 1946 ||| Stepping ~*~*~tactically~*~*~ (hiding).
  1975 | D:3      | 1975 ||| Stepping ~*~*~tactically~*~*~ (stealth).
  1994 | D:3      | 1994 ||| DROPPING +0 whip.
  2001 | D:3      | 2001 ||| Stepping ~*~*~tactically~*~*~ (stealth).
  2077 | D:3      | 2077 ||| Stepping ~*~*~tactically~*~*~ (stealth).
  2208 | D:3      | 2208 ||| Stepping ~*~*~tactically~*~*~ (stealth).
  2332 | D:3      | 2332 ||| UPGRADING to +1 helmet.
  2342 | D:3      | 2342 ||| DROPPING +0 helmet.
  2343 | D:3      | 2343 ||| DROPPING +6 ring of intelligence.
  2344 | D:3      | 2344 ||| READING scroll labelled ZOCLUB LEMOSUA.
  2345 | D:3      | 2345 ||| READING 2 scrolls labelled ESMU EHAVYKKIA.
  2346 | D:3      | 2346 ||| READING 3 scrolls of identify.
  2346 | D:3      | 2346 ||| IDENTIFYING murky silvery potion
  2347 | D:3      | 2347 ||| READING 2 scrolls of identify.
  2347 | D:3      | 2347 ||| IDENTIFYING glowing cyan potion
  2348 | D:3      | 2348 ||| DROPPING scroll of magic mapping.
  2449 | D:4      | 2449 ||| Stepping ~*~*~tactically~*~*~ (stealth).
  2462 | D:4      | HP: 8/38 [iguana (6)]
  2463 | D:4      | 2463 ||| READING 3 scrolls of teleportation.
  2464 | D:4      | 2464 ||| DRINKING potion of heal wounds.
  2471 | D:4      | Reached skill level 6 in Axes
  2500 | D:4      | 2500 ||| Stepping ~*~*~tactically~*~*~ (stealth).
  2578 | D:4      | Reached skill level 1 in Dodging
  2643 | D:4      | Reached XP level 7. HP: 43/43 MP: 7/7
  2748 | D:4      | 2748 ||| Stepping ~*~*~tactically~*~*~ (stealth).
  2776 | D:4      | 2776 ||| Stepping ~*~*~tactically~*~*~ (stealth).
  2987 | D:4      | Reached skill level 7 in Axes
  3077 | D:4      | 3077 ||| UPGRADING to amulet of regeneration.
  3082 | D:4      | 3082 ||| READING scroll labelled KEFFEY KYNUH.
  3083 | D:4      | 3083 ||| DRINKING 2 metallic blue potions.
  3084 | D:4      | 3084 ||| DROPPING potion of brilliance.
  3122 | D:5      | Entered Level 5 of the Dungeon
  3128 | D:5      | Found a staircase to the Ecumenical Temple.
  3129 | D:5      | 3129 ||| PLANNING TEMPLE
  3135 | Temple   | Entered the Ecumenical Temple
  3136 | Temple   | 3136 ||| PLANNING OKAWARU WORSHIP
  3142 | Temple   | Became a worshipper of Warmaster Okawaru
  3142 | Temple   | 3142 ||| PLANNING D:1-11
  3161 | D:5      | 3161 ||| Stepping ~*~*~tactically~*~*~ (stealth).
  3178 | D:5      | Reached XP level 8. HP: 50/50 MP: 8/8
  3198 | D:5      | 3198 ||| Stepping ~*~*~tactically~*~*~ (stealth).
  3200 | D:5      | 3200 ||| Stepping ~*~*~tactically~*~*~ (hiding).
  3208 | D:5      | 3208 ||| Stepping ~*~*~tactically~*~*~ (hiding).
  3213 | D:5      | 3213 ||| Stepping ~*~*~tactically~*~*~ (hiding).
  3214 | D:5      | 3214 ||| Stepping ~*~*~tactically~*~*~ (hiding).
  3260 | D:5      | 3260 ||| Stepping ~*~*~tactically~*~*~ (hiding).
  3269 | D:5      | Reached skill level 1 in Throwing
  3738 | D:5      | Found a shimmering blue altar of Sif Muna.
  3742 | D:5      | 3742 ||| UPGRADING to +0 kite shield.
  3752 | D:5      | 3752 ||| DROPPING +0 buckler.
  3753 | D:5      | 3753 ||| READING 3 scrolls of identify.
  3753 | D:5      | 3753 ||| IDENTIFYING lumpy brown potion
  3754 | D:5      | 3754 ||| READING 2 scrolls of identify.
  3754 | D:5      | 3754 ||| IDENTIFYING fizzy orange potion
  3755 | D:5      | 3755 ||| DROPPING potion of ambrosia.
  3756 | D:5      | 3756 ||| DROPPING potion of degeneration.
  3802 | D:6      | Noticed a troll
  3813 | D:6      | Killed a troll
  3813 | D:6      | Reached * piety under Okawaru
  3814 | D:6      | 3814 ||| INVOKING Heroism.
  3818 | D:6      | Reached skill level 1 in Invocations
  3871 | D:6      | Found an ornate altar of the Wu Jian Council.
  3904 | D:6      | 3904 ||| Stepping ~*~*~tactically~*~*~ (hiding).
  4038 | D:6      | Identified the ring "Zeal" {Will+ Int+6}
  4141 | D:6      | Reached skill level 3 in Invocations
  4141 | D:6      | Reached XP level 9. HP: 46/54 MP: 11/11
  4142 | D:6      | Reached skill level 6 in Shields
  4165 | D:6      | Found a transporter.
  4165 | D:6      | Found Goumumof's Weapon Shop.
  4185 | D:6      | 4185 ||| Stepping ~*~*~tactically~*~*~ (stealth).
  4186 | D:6      | 4186 ||| INVOKING Heroism.
  4299 | D:6      | Found a transporter.
  4302 | D:6      | 4302 ||| UPGRADING to ring "Zeal" {Will+ Int+6}.
  4303 | D:6      | 4303 ||| READING 2 scrolls of identify.
  4303 | D:6      | 4303 ||| IDENTIFYING fizzy ruby potion
  4352 | D:7      | 4352 ||| Stepping ~*~*~tactically~*~*~ (hiding).
  4353 | D:7      | 4353 ||| Stepping ~*~*~tactically~*~*~ (hiding).
  4355 | D:7      | 4355 ||| Stepping ~*~*~tactically~*~*~ (hiding).
  4356 | D:7      | 4356 ||| Stepping ~*~*~tactically~*~*~ (hiding).
  4376 | D:7      | 4376 ||| Stepping ~*~*~tactically~*~*~ (stealth).
  4403 | D:7      | 4403 ||| Stepping ~*~*~tactically~*~*~ (stealth).
  4404 | D:7      | 4404 ||| Stepping ~*~*~tactically~*~*~ (stealth).
  4405 | D:7      | 4405 ||| Stepping ~*~*~tactically~*~*~ (stealth).
  4406 | D:7      | 4406 ||| Stepping ~*~*~tactically~*~*~ (stealth).
  4474 | D:7      | Reached ** piety under Okawaru
  4495 | D:7      | Noticed Menkaure
  4496 | D:7      | 4496 ||| Stepping ~*~*~tactically~*~*~ (hiding).
  4497 | D:7      | 4497 ||| INVOKING Heroism.
  4506 | D:7      | Killed Menkaure
  4557 | D:7      | Reached skill level 8 in Axes
  4577 | D:7      | Noticed a hornet
  4587 | D:7      | 4587 ||| INVOKING Heroism.
  4598 | D:7      | Killed a hornet
  4599 | D:7      | Reached skill level 6 in Fighting
  4631 | D:7      | 4631 ||| INVOKING Heroism.
  4795 | D:7      | 4795 ||| INVOKING Heroism.
  4808 | D:7      | 4808 ||| INVOKING Heroism.
  4914 | D:7      | 4914 ||| UPGRADING to ring of resist corrosion.
  4963 | D:8      | 4963 ||| INVOKING Heroism.
  4985 | D:8      | 4985 ||| Stepping ~*~*~tactically~*~*~ (hiding).
  4989 | D:8      | 4989 ||| INVOKING Heroism.
  5007 | D:8      | 5007 ||| INVOKING Heroism.
  5025 | D:8      | 5025 ||| DROPPING +0 flail.
  5132 | D:8      | Noticed a two-headed ogre
  5133 | D:8      | 5133 ||| INVOKING Heroism.
  5140 | D:8      | Killed a two-headed ogre
  5141 | D:8      | Reached skill level 9 in Axes
  5141 | D:8      | Reached XP level 10. HP: 60/60 MP: 11/13
  5273 | D:8      | Found a glowing silver altar of Zin.
  5316 | D:8      | Noticed Erica
  5317 | D:8      | 5317 ||| INVOKING Heroism.
  5339 | D:8      | Killed from afar by Erica

Levels and vault maps discovered:
D:1:      dpeg_arrival_connections, layout_loops_ring, minmay_3d_cube
D:2:      layout_basic, serial_shops, nicolae_shop_tiny_statue_garden
D:3:      layout_basic, uniq_sigmund
D:4:      layout_loops_cross
D:5:      layout_rooms, led_sif_pool, minmay_temple_entry_hall
D:6:      layout_rooms, pdpol_wu_jian_five_deadly_venoms, serial_shops,
          nicolae_shop_drivethru
D:7:      layout_rooms, uniq_menkaure
D:8:      layout_loops_ring, marbit_many_paths, chequers_serial_rivers_micro_a,
          nzn_life_drinkers, uniq_erica
Temple:   sentei_temple_godly_chess

Skill      XL: |  1  2  3  4  5  6  7  8  9 10 |
---------------+-------------------------------+-----
Axes           | 2 3 5 6 7 9 |  9.5
Fighting       | 4 5 6 |  6.6
Dodging        | 1 |  1.0
Armour         | 4 5 |  5.0
Throwing       | 1 |  1.0
Shields        | 5 8 |  8.0
Invocations    | 3 4 |  4.0

Action                     |  1- 3 |  4- 6 |  7- 9 | 10-12 || total
---------------------------+-------+-------+-------+-------++-------
  Melee: War axe           |   116 |   118 |   291 |    51 ||   576
  Throw: Boomerang         |       |    14 |    63 |     1 ||    78
 Invoke: Heroism           |       |       |    11 |     1 ||    12
    Use: Scroll            |     6 |     9 |     4 |       ||    19
         Potion            |     1 |     1 |     1 |       ||     3
 Armour: Scale mail        |    19 |       |       |       ||    19
         Chain mail        |    48 |    70 |   165 |    61 ||   344
  Dodge: Dodged            |    51 |    31 |   101 |    30 ||   213
  Block: Buckler           |    21 |    17 |    24 |       ||    62
         Kite shield       |       |       |    75 |    48 ||   123

Table legend:
 A = Non-vault XP
 B = Vault XP
 C = Vault XP percentage of total XP
 D = Non-vault monster count
 E = Vault monster count
 F = Vault count percentage of total count
                 A         B        C        D         E       F
            +---------+---------+-------+---------+---------+-------
      Total |    4974 |     617 |  11.0 |     161 |       4 |   2.4
            +---------+---------+-------+---------+---------+-------
        D:1 |      25 |       1 |   3.8 |      17 |       1 |   5.6
        D:2 |      74 |       0 |   0.0 |      25 |       0 |   0.0
        D:3 |     110 |     226 |  67.3 |      20 |       1 |   4.8
        D:4 |     553 |       0 |   0.0 |      29 |       0 |   0.0
        D:5 |     680 |       0 |   0.0 |      22 |       0 |   0.0
        D:6 |     938 |       0 |   0.0 |      16 |       0 |   0.0
        D:7 |    1166 |     169 |  12.7 |      19 |       1 |   5.0
        D:8 |    1428 |     221 |  13.4 |      13 |       1 |   7.1
            +---------+---------+-------+---------+---------+-------
